 Dungeon Crawl Stone Soup version 0.22-a0-443-g17c3723 (webtiles) character file.

33 iamserjio the Chopper (level 3, 0/37 HPs)
             Began as an Ogre Gladiator on May 31, 2018.
             Slain by an orc wizard
             ... wielding a +0 dagger
              (2 damage)
             ... on level 2 of the Dungeon.
             The game lasted 00:02:36 (1897 turns).

iamserjio the Chopper (Ogre Gladiator)              Turns: 1897, Time: 00:02:37

Health: 0/37       AC:  3    Str: 18    XL:     3   Next: 29%
Magic:  3/3        EV: 10    Int: 14    God:
Gold:   116        SH:  0    Dex: 11    Spells: 2/2 levels left

rFire    . . .     SeeInvis .   a - +0 war axe
rCold    . . .     Gourm    .   (no shield)
rNeg     . . .     Faith    .   b - +0 robe
rPois    .         Spirit   .   c - +0 hat
rElec    .         Reflect  .   (no cloak)
rCorr    .         Harm     .   (gloves unavailable)
MR       .....                  (boots unavailable)
Stlth    +.........             (no amulet)
HPRegen  0.12/turn              (no ring)
MPRegen  0.08/turn              (no ring)

@: brilliant
A: large, unfitting armour, tough skin 1
a: no special abilities


You were on level 2 of the Dungeon.
You were very hungry.

You visited 1 branch of the dungeon, and saw 2 of its levels.

You collected 116 gold pieces.

Inventory:

Hand Weapons
 a - a +0 war axe (weapon)
Missiles
 d - 3 throwing nets (quivered)
Armour
 b - a +0 robe (worn)
 c - a +0 hat (worn)
Scrolls
 e - a scroll of blinking {unknown}
 j - a scroll of immolation {unknown}
 k - 3 scrolls of remove curse {unknown}
 n - a scroll of magic mapping {unknown}
 o - a scroll of amnesia {unknown}
Potions
 g - a potion of curing {unknown}
 h - a potion of brilliance
 i - a potion of agility {unknown}
 l - 2 potions of magic {unknown}
 m - a potion of degeneration {unknown}
Comestibles
 f - 3 rations


   Skills:
 + Level 3.3 Fighting
 * Level 3.7 Axes
 - Level 2.0 Throwing
 + Level 3.0 Dodging


You had 2 spell levels left.
You didn't know any spells.
Your spell library was empty.

Dungeon Overview and Level Annotations

Branches:
Dungeon (2/15)

Altars:


Innate Abilities, Weirdness & Mutations

You are too large for most types of armour.
You have tough skin. (AC +1)


Message History

You hit the orc wizard.
The orc wizard is lightly wounded.
The orc wizard gestures at you while chanting.
The puff of frost hits you!
You miss the orc wizard.
The orc wizard is lightly wounded.
The orc wizard gestures at you while chanting.
The puff of frost hits you! The orc wizard hits you with a dagger.
* * * LOW HITPOINT WARNING * * *
You hit the orc wizard but do no damage.
The orc wizard is lightly wounded.
The orc wizard closely misses you.
You closely miss the orc wizard.
The orc wizard is lightly wounded.
The orc wizard hits you with a dagger.
* * * LOW HITPOINT WARNING * * *
It was a potion of brilliance.
You feel clever all of a sudden. The orc wizard hits you with a dagger.
You die...

#....<...[.# #.## #..##
#....).....# #..##....# ..$
##........## ##....# .# ..#
##.......# ##..###.# .$..
#######.# #..# #.# .... #.#
####..# #.# .....
#.###[....###.#####.....
#.##..###.).....%.......
#..#.#.@oo.......$...###
##.#.#.##o.......##.....
#.....##........o....##
##...(..........oo...## .
#.....##.......<...#.# .
...######.#.....#..........# .
..............#.#.........##..
######....#####..............#
#......................#.#.


You could see an orc wizard and 2 orcs.

Vanquished Creatures
  A dart slug (D:1)
  A leopard gecko (D:1)
  2 orcs
  3 bats
  2 giant cockroaches
  2 goblins (D:1)
  4 hobgoblins
  3 jackals (D:1)
  2 frilled lizards (D:1)
  3 kobolds (D:1)
  2 rats
25 creatures vanquished.

Notes
Turn   | Place    | Note
-------+----------+-------------------------------------------
     0 | D:1      | iamserjio the Ogre Gladiator began the quest for the Orb.
     0 | D:1      | Reached XP level 1. HP: 22/22 MP: 1/1
   296 | D:1      | Reached XP level 2. HP: 25/31 MP: 2/2
   490 | D:1      | You fall through a shaft!
   757 | D:1      | Reached XP level 3. HP: 34/37 MP: 3/3
  1896 | D:2      | HP: 1/37 [orc wizard/dagger (6)]
  1897 | D:2      | Slain by an orc wizard

Vault maps used:
D:1:      dpeg_arrival_leaves_temple_mockup
D:2:      kennysheep_nub

Skill      XL: |  1  2 |
---------------+-------+-----
Fighting       | 3 |  3.3
Dodging        | 3 |  3.0
Axes           | |  3.7
Throwing       | |  2.0

Action                   || total
-------------------------++-------
Melee: War axe           ||    92
  Use: Potion            ||     1
  Eat: Chunk             ||     2
Armor: Robe              ||    28
Dodge: Dodged            ||    62

Table legend:
 A = Spawn XP
 B = Non-spawn XP
 C = Spawn XP percentage of total XP
 D = Spawn monster count
 E = Non-spawn monster count
 F = Spawn count percentage of total count
 G = Total turns spent on level
                    A         B        C        D         E        F      G
               +---------+---------+-------+---------+---------+-------+---------
         Total |       0 |      48 |   0.0 |       0 |      25 |   0.0 |  1897
               +---------+---------+-------+---------+---------+-------+---------
           D:1 |       0 |      39 |   0.0 |       0 |      20 |   0.0 |  1670
           D:2 |       0 |       9 |   0.0 |       0 |       5 |   0.0 |   227
               +---------+---------+-------+---------+---------+-------+---------
